Unix NetHack Version 5.0.0-0 post-release - last build May 31 2026 23:59:36 (970b52f25bf058293b47ddfd14a1e40e571c508c,branch:main).

Game began 2026-06-04 00:07:51, ended 2026-06-04 00:29:28.

Drastanta, lawful male human Knight

                                                         -----
                                                         |...|
                                                         |...|        --------
                                                         |.|.|       #..u@...|
                                                         |....########|..r...|
                                                         ---|-       #|.<{...|
                                                           ##       ##--------
                                                           #        #
                                                           #        #
                                                           #      ###
                                                           #      #
                                                          #####   #
                                                          ----.-  #
                                                          |....|###
                                                          |..(.|#
                                                          |....|#
                                                          +.....#
                                                          |....|
                                                          ------

Drastanta the Esquire    St:14 Dx:10 Co:13 In:8 Wi:14 Ch:17  Lawful
Dlvl:4  $:51 HP:0(28) Pw:10(10) AC:10 Xp:3 T:2337  Burdened

Latest messages:
 You stop searching.
 The bat bites!
 The saddled pony misses the bat.
 The saddled pony misses the bat.
 The bat bites!
 You return to human form!
 $ - 51 gold pieces.
 a - a +1 long sword.
 b - a +1 lance.
 d - an uncursed +0 helmet.
 f - an uncursed +0 pair of leather gloves.
 e - an uncursed +0 small shield.
 m - a +0 cloak of displacement.
 c - an uncursed +1 ring mail.
 g - 13 uncursed apples.
 p - 2 blessed tins.
 w - a scroll labeled VELOX NEB.
 v - a white spellbook.
 k - a blessed black potion.
 y - a bubbly potion.
 A - a magenta potion.
 B - a ruby ring.
 C - a silver wand.
 You have a little trouble lifting an uncursed tin wand.  Continue? [ynq] (q) y
 You have a little trouble lifting o - an uncursed tin wand.
 Your movements are slowed slightly because of your load.
 The bat bites!
 The giant rat bites the bat.
 The bat bites!
 What do you want to wield? [- ab or ?*] a
 a - a +1 long sword (weapon in right hand).
 The bat bites!
 The saddled pony misses the bat.
 The saddled pony misses the bat.
 The bat bites!
 The saddled pony misses the bat.
 The saddled pony bites the bat.
 The bat is killed!
 Are you sure you want to pray? [yn] (n) y
 You begin praying to Lugh.
 The saddled pony picks up an orcish helm.
 You finish your prayer.
 The voice of Lugh booms: "Thou hast angered me."
 Suddenly, a bolt of lightning strikes you!
 You fry to a crisp!
 Do you want your possessions identified? [ynq] (y) y
 Do you want to see your attributes? [ynq] (y) y
 Do you want an account of creatures vanquished? [ynaq] (y) y
 Do you want to see your conduct and achievements? [ynq] (y) y
 Do you want to see the dungeon overview? [ynq] (y) y

Inventory:
 Coins    ('$')
  $ - 51 gold pieces
 Weapons  (')')
  a - a +1 long sword (weapon in right hand)
  b - a +1 lance
 Armor    ('[')
  d - an uncursed +0 helmet
  f - an uncursed +0 pair of leather gloves
  e - an uncursed +0 small shield
  m - an uncursed +0 cloak of displacement
  c - an uncursed +1 ring mail
 Comestibles  ('%')
  g - 13 uncursed apples
  p - 2 blessed tins of deep fried newt meat
 Scrolls  ('?')
  w - an uncursed scroll of destroy armor
 Spellbooks  ('+')
  v - an uncursed spellbook of magic missile
 Potions  ('!')
  k - a blessed potion of extra healing
  y - an uncursed potion of gain energy
  A - an uncursed potion of healing
 Rings    ('=')
  B - an uncursed ring of protection from shape changers
 Wands    ('/')
  o - a wand of secret door detection (0:11)
  C - a wand of striking (0:5)

Drastanta the Knight's attributes:

Background:
 You were an Esquire, a level 3 male human Knight.
 You were lawful, on a mission for Lugh
 who was opposed by Brigit (neutral) and Manannan Mac Lir (chaotic).
 You were right-handed.
 You were in the Dungeons of Doom, on level 4.
 You entered the dungeon 2337 turns ago.
 It was the midnight hour.
 You had 66 experience points, 14 more were needed to attain level 4.

Basics:
 You had 0 out of 28 hit points.
 You had all 10 energy points (spell power).
 Your armor class was 10.
 Your wallet contained 51 zorkmids.
 Autopickup was on for '$' plus thrown.

Final Characteristics:
 Your strength was 14 (limit:18/100).
 Your dexterity was 10 (limit:18).
 Your constitution was 13 (limit:18).
 Your intelligence was 8 (limit:18).
 Your wisdom was 14 (limit:18).
 Your charisma was 17 (limit:18).

Final Status:
 You weren't hungry.
 You were burdened; movement was slightly slowed.
 You were wielding a long sword.
 You had basic skill with long sword.
 You weren't wearing any armor.

Final Attributes:
 You were devoutly aligned.
 You were level-drain resistant.
 You could jump.
 You were a wererat.
 You were harmed by silver.
 You were very unlucky.
 Lugh was angry with you.
 You are dead.

Miscellaneous:
 You didn't encounter any bones levels.
 Total elapsed playing time was 21 minutes and 32 seconds.

Major events:
 Turn
    1: Drastanta the lawful male human Knight entered the dungeon
 1342: attained the rank of Esquire (level 3)
 2337: killed by the wrath of Lugh

You didn't know any spells.

Skills:
 Fighting Skills
   bare handed combat [Unskilled]
   two weapon combat  [Unskilled]
   riding             [Basic]
 Weapon Skills
   dagger             [Unskilled]
   knife              [Unskilled]
   axe                [Unskilled]
   pick-axe           [Unskilled]
   short sword        [Unskilled]
   broadsword         [Unskilled]
   long sword         [Basic]
   two-handed sword   [Unskilled]
   saber              [Unskilled]
   club               [Unskilled]
   mace               [Unskilled]
   morning star       [Unskilled]
   flail              [Unskilled]
   hammer             [Unskilled]
   polearms           [Unskilled]
   spear              [Unskilled]
   trident            [Unskilled]
   lance              [Basic]
   bow                [Unskilled]
   crossbow           [Unskilled]
 Spellcasting Skills
   attack spells      [Unskilled]
   healing spells     [Unskilled]
   clerical spells    [Unskilled]

Voluntary challenges:
 Character rerolling was not enabled.
 You were illiterate.
 You never genocided any monsters.
 You never polymorphed an object.
 You used no wishes.
Achievements:
 You entered a shop.
 You attained the rank of Esquire.

 The Dungeons of Doom: levels 1 to 4
    Level 1:
       An altar.
    Level 2:
       A general store.
    Level 3:
       Some graves.
    Level 4: <- You were here.
       A fountain, a grave.
       Final resting place for
          you, killed by the wrath of Lugh.


Vanquished creatures:
  a kitten
  a homunculus
  2 wererats
  3 iguanas
  2 acid blobs
  a gas spore
  a hobbit
  a giant rat
  a yellow mold
  2 gnome zombies
  a gecko
  5 jackals
  3 foxes
  4 goblins
  5 sewer rats
  4 grid bugs
  a bat
  a lichen
  a kobold zombie
  a newt
41 creatures vanquished.

No species were genocided or became extinct.

Game over:
                       ----------
                      /          \
                     /    REST    \
                    /      IN      \
                   /     PEACE      \
                  /                  \
                  |    Drastanta     |
                  |      51 Au       |
                  |  killed by the   |
                  |  wrath of Lugh   |
                  |                  |
                  |                  |
                  |       2026       |
                 *|     *  *  *      | *
        _________)/\\_//(\/(/\)/\//\/|_)_______

Fare thee well Drastanta the Knight...

You died in The Dungeons of Doom on dungeon level 4 with 470 points,
and 51 pieces of gold, after 2337 moves.
You were level 3 with a maximum of 28 hit points when you died.

